 Dungeon Crawl Stone Soup version 0.31-a0-202-g547052bce9 (webtiles) character file.

Game seed: 2504001910657821269

113 qw the Shooter (level 4, 0/25 HPs)
             Began as a Deep Elf Hunter on June 26, 2023.
             Slain by a sleepcap (4 damage)
             ... on level 3 of the Dungeon.
             The game lasted 00:00:54 (2249 turns).

qw the Shooter (Deep Elf Hunter)                    Turns: 2249, Time: 00:00:55

Health: 0/25       AC:  6    Str: 10    XL:     4   Next: 65%
Magic:  6/6        EV: 13    Int: 14    God:
Gold:   84         SH:  0    Dex: 24    Spells: 3/3 levels left

rFire   . . .        Y - +0 shortbow
rCold   . . .        (shield currently unavailable)
rNeg    . . .        c - +0 leather armour
rPois   .            (no helmet)
rElec   .            b - +2 cloak
rCorr   .            (no gloves)
SInv    .            (no boots)
Will    .....        (no amulet)
Stlth   ++           h - +6 ring of dexterity
HPRegen 0.24/turn    (no ring)
MPRegen 0.10/turn

%: no passive effects
@: no status effects
A: no striking features
a: no special abilities


You were on level 3 of the Dungeon.
You visited 1 branch of the dungeon, and saw 3 of its levels.

You collected 84 gold pieces.


   Skills:
 - Level 1.5 Fighting
 + Level 7.8 Ranged Weapons
 - Level 3.0 Dodging
 - Level 1.2 Stealth


You had 3 spell levels left.
You didn't know any spells.
Your spell library was empty.

Inventory:

Hand Weapons
 Y - a +0 shortbow (weapon)
Armour
 b - a +2 cloak (worn)
 c - a +0 leather armour (worn)
Jewellery
 h - a +6 ring of dexterity (left hand)
Scrolls
 a - 4 scrolls of identify
 d - a scroll of torment {unknown}
Potions
 e - a potion of brilliance {unknown}
 f - a potion of haste
 i - a potion of heal wounds {unknown}
 l - a potion of ambrosia {unknown}

Dungeon Overview and Level Annotations

Branches:
Dungeon (3/15)

Altars:

Shops:
D:2 (


Message History

Enter note:
Enter note:
Enter note:
Enter note:
Enter note:
Enter note:
Enter note:
Enter note:
Enter note: You shoot an arrow.
The arrow hits the sleepcap but does no damage.
You shoot an arrow. The arrow hits the sleepcap.
The sleepcap is lightly damaged.
You shoot an arrow.
The arrow hits the sleepcap but does no damage.
The sleepcap is lightly damaged.
You shoot an arrow.
The arrow hits the sleepcap but does no damage.
The sleepcap is lightly damaged.
You shoot an arrow.
The arrow hits the sleepcap but does no damage.
The sleepcap is lightly damaged.
You shoot an arrow. The arrow hits the sleepcap.
The sleepcap is lightly damaged.
The sleepcap closely misses you. The sleepcap releases spores at you.
You are engulfed in a cloud of soporific spores!
You fall asleep.
The sleepcap releases spores at you but does no damage.
The sleepcap releases spores at you!!
You wake up.
Ouch! That really hurt!
You are engulfed in a cloud of soporific spores!
You are unaffected.
You shoot an arrow.
The arrow hits the sleepcap but does no damage.
The sleepcap is lightly damaged.
The sleepcap barely misses you.
You shoot an arrow. The arrow hits the sleepcap.
The sleepcap is moderately damaged.
The sleepcap releases spores at you.
You die...

#.....#.#.....)#.#.'.........
######.#.##.......###......###
............................+
#######.#..........%........#
#.......>.......####.......#
#.###...........# #.......#
#..........#..# #.......#
#.#...#.##.#..# ......#
#...........@.#
#...#.#.##.##f# #...#.#.##.#
.# #<..#.#%.... .# #..
#.#.##.. .# #.....#.# ..>..#
#..###


You could see a sleepcap.

Vanquished Creatures
  3 adders
  3 worms
  An orc (D:3)
  7 endoplasms
  2 giant cockroaches
  6 goblins
  7 hobgoblins
  4 jackals (D:1)
  5 quokkas
  7 ball pythons
  6 bats
  5 frilled lizards
  7 kobolds
  9 rats
72 creatures vanquished.

Notes
Turn   | Place    | Note
-------+----------+-------------------------------------------
     0 | D:1      | qw the Deep Elf Hunter began the quest for the Orb.
     0 | D:1      | Reached XP level 1. HP: 12/12 MP: 3/3
     0 | D:1      | 0 ||| qw: Version: 0.3-a-22-g0ed2b0b
     0 | D:1      | 0 ||| qw: Game counter: 5770
     0 | D:1      | 0 ||| qw: Melee chars always use a shield: true
     0 | D:1      | 0 ||| qw: God list: Okawaru
     0 | D:1      | 0 ||| qw: Allow faded altars: false
     0 | D:1      | 0 ||| qw: Do Orc after clearing Dungeon:15 true
     0 | D:1      | 0 ||| qw: Do second Lair branch before Depths: true
     0 | D:1      | 0 ||| qw: Lair rune preference: random
     0 | D:1      | 0 ||| qw: Goals: Normal
     0 | D:1      | 0 ||| PLANNING D:1-11
   125 | D:1      | Reached XP level 2. HP: 16/16 MP: 4/4
   140 | D:1      | Reached skill level 6 in Ranged Weapons
   560 | D:1      | Reached XP level 3. HP: 20/20 MP: 5/5
   879 | D:1      | 879 ||| UPGRADING to +6 ring of dexterity.
   880 | D:1      | 880 ||| READING 2 scrolls labelled YNEYPL BIACA.
   881 | D:1      | 881 ||| READING scroll labelled NYUTOCH QUFE.
   882 | D:1      | 882 ||| READING 2 scrolls labelled IVYCAR QOUDING.
   883 | D:1      | 883 ||| READING scroll labelled KIRRUAGAUSA.
   884 | D:1      | 884 ||| DRINKING 2 sapphire potions.
   885 | D:1      | 885 ||| DROPPING scroll of butterflies.
   886 | D:1      | 886 ||| DROPPING potion of invisibility.
   930 | D:2      | 930 ||| STAIRDANCE
   935 | D:1      | Reached skill level 7 in Ranged Weapons
  1170 | D:2      | Reached skill level 3 in Dodging
  1206 | D:2      | 1206 ||| FLEEEEING.
  1207 | D:2      | 1207 ||| FLEEEEING.
  1208 | D:2      | 1208 ||| FLEEEEING.
  1217 | D:2      | Reached XP level 4. HP: 25/25 MP: 6/6
  1218 | D:2      | Identified the +8 long sword of Xionk {heavy, SInv}
  1248 | D:2      | 1248 ||| FLEEEEING.
  1393 | D:2      | Found Hinyssu's Weapon Shop.
  1552 | D:2      | 1552 ||| UPGRADING to +0 cloak.
  1557 | D:2      | 1557 ||| READING 2 scrolls of enchant armour.
  1557 | D:2      | 1557 ||| ENCHANTING +0 cloak.
  1558 | D:2      | 1558 ||| READING scroll of enchant armour.
  1558 | D:2      | 1558 ||| ENCHANTING +1 cloak.
  1559 | D:2      | 1559 ||| READING scroll labelled IKINIU GEMOCI.
  1560 | D:2      | 1560 ||| READING 2 scrolls labelled FUNINU FANEPA.
  1561 | D:2      | 1561 ||| READING 2 scrolls of identify.
  1561 | D:2      | 1561 ||| IDENTIFYING viscous coppery potion
  1562 | D:2      | 1562 ||| DROPPING scroll of noise.
  2247 | D:3      | HP: 3/25 [sleepcap (20)]
  2249 | D:3      | Slain by a sleepcap

Levels and vault maps discovered:
D:1:      dpeg_chamrin_arrival_tetris, layout_basic
D:2:      layout_loops_ring, serial_shops, shop, st_stairs_2
D:3:      layout_basic

Skill      XL: |  1  2  3 |
---------------+----------+-----
Ranged Weapons | 6 7 |  7.8
Dodging        | 3 |  3.0
Fighting       | |  1.5
Stealth        | |  1.2

Action                     |  1- 3 |  4- 6 || total
---------------------------+-------+-------++-------
   Fire: Shortbow          |   134 |    69 ||   203
    Use: Scroll            |     4 |     5 ||     9
         Potion            |     1 |       ||     1
 Armour: Leather armour    |    12 |    13 ||    25
  Dodge: Dodged            |    27 |    21 ||    48

Table legend:
 A = Non-vault XP
 B = Vault XP
 C = Vault XP percentage of total XP
 D = Non-vault monster count
 E = Vault monster count
 F = Vault count percentage of total count
                 A         B        C        D         E       F
            +---------+---------+-------+---------+---------+-------
      Total |     159 |       3 |   1.9 |      70 |       2 |   2.8
            +---------+---------+-------+---------+---------+-------
        D:1 |      67 |       0 |   0.0 |      34 |       0 |   0.0
        D:2 |      35 |       3 |   7.9 |      17 |       2 |  10.5
        D:3 |      57 |       0 |   0.0 |      19 |       0 |   0.0
            +---------+---------+-------+---------+---------+-------
